 Dungeon Crawl Stone Soup version 0.28-a0-653-g7e9dba17c3 (webtiles) character file.

Game seed: 9212412956644085370

211 funkygono the Firebug (level 5, -17/28 HPs)
             Began as a Gargoyle Fire Elementalist on Oct 12, 2021.
             Was an Initiate of Vehumet.
             Killed from afar by Ijyb (32 damage)
             ... with a bolt of acid
             ... on level 3 of the Dungeon.
             The game lasted 00:06:33 (2861 turns).

funkygono the Firebug (Gargoyle Fire Elementalist)  Turns: 2861, Time: 00:06:35

Health: -17/28     AC:  3    Str: 11    XL:     5   Next: 88%
Magic:  7/10       EV: 16    Int: 17    God:    Vehumet [......]
Gold:   108        SH:  0    Dex: 10    Spells: 1/11 levels left

rFire   . . .      SeeInvis .   h - +1 mace (venom)
rCold   + . .      Faith    .   (no shield)
rNeg    + . .      Spirit   .   a - +0 robe
rPois   ∞          Reflect  .   f - +0 helmet
rElec   +          Harm     .   (no cloak)
rCorr   .          Rampage  .   (no gloves)
Will    .....                   (no boots)
Stlth   ++........              (no amulet)
HPRegen 0.09/turn               d - ring of protection from cold
MPRegen 0.12/turn               n - +4 ring of evasion

@: corroded
A: sickness immunity, AC +4, negative energy resistance 1, electricity
resistance, torment resistance 1, petrification resistance
a: Renounce Religion


You were on level 3 of the Dungeon.
You worshipped Vehumet.
Vehumet was noncommittal.
You visited 1 branch of the dungeon, and saw 3 of its levels.

You collected 108 gold pieces.

Inventory:

Hand Weapons
 e - a +0 whip
 h - a +1 mace of venom (weapon)
Missiles
 c - 67 stones
Armour
 a - a +0 robe (worn)
 f - a +0 helmet (worn)
Jewellery
 d - a ring of protection from cold (left hand)
 n - a +4 ring of evasion (right hand)
Wands
 j - a wand of flame (14)
Scrolls
 b - 2 scrolls of identify
 g - a scroll of enchant weapon
 k - a scroll of fog {unknown}
Potions
 i - 2 potions of brilliance
 l - a potion of attraction {unknown}
 m - a potion of might {unknown}


   Skills:
 + Level 0.5 Fighting
 + Level 0.3 Maces & Flails
 + Level 1.9 Dodging
 - Level 2.1 Stealth
 * Level 3.5 Spellcasting
 * Level 2.8 Conjurations
 * Level 4.3 Fire Magic


You had one spell level left.
You knew the following spells:

 Your Spells              Type           Power      Damage    Failure   Level
a - Foxfire               Conj/Fire      60%        2x1d7     3%          1
b - Scorch                Fire           34%        2d7       4%          2
c - Conjure Flame         Conj/Fire      15%        6-21      11%         3
d - Flame Wave            Conj/Fire      15%        3d5       36%         4

Your spell library contained the following spells:

 Spells                   Type           Power      Damage    Failure   Level
 Inner Flame              Hex/Fire       10%        N/A       21%         3


Dungeon Overview and Level Annotations

Branches:
Dungeon (3/15)

Altars:
Vehumet

Annotations:
D:3 Ijyb


Innate Abilities, Weirdness & Mutations

You are immune to sickness and miasma.
Your stone body is resilient. (AC +4)
You are immune to poison.
You resist negative energy. (rN+)
You are resistant to electric shocks. (rElec)
You are resistant to unholy torment.
You are immune to petrification.


Message History

Found a stone staircase leading down.
There is a radiant altar of Vehumet here.
You kneel at the altar of Vehumet.
Vehumet welcomes you!
Found 11 gold pieces.
m - a green potion
n - a +4 ring of evasion
n - a +4 ring of evasion (right hand) This spell is potentially lethal to cast!
Memorise Flame Wave, consuming 4 spell levels and leaving 1?
You start memorising the spell.
You continue memorising. x4
You finish memorising.
Spell assigned to 'd'.
Unknown command.
A hobgoblin comes into view.
Ijyb the Twisted Goblin comes into view.
She is wielding a +0 club and carrying a wand of acid (7).
Casting: Foxfire (safe; 3% risk of failure)
Confirm with . or Enter, or press ? or * to list all spells.
You conjure some foxfire!
Ijyb shouts!
The foxfire hits the hobgoblin.
The hobgoblin is moderately wounded.
The foxfire hits the hobgoblin.
The hobgoblin is severely wounded.
Ijyb screams, "Die!"
Ijyb zaps a wand.
The bolt of acid hits the hobgoblin!!
The acid corrodes the hobgoblin!
The hobgoblin dies!
The bolt of acid hits you! The acid corrodes you!
Casting: Foxfire (safe; 3% risk of failure)
Confirm with . or Enter, or press ? or * to list all spells.
You conjure some foxfire!
Unknown command.
Casting: Foxfire (safe; 3% risk of failure)
Confirm with . or Enter, or press ? or * to list all spells.
You conjure some foxfire!
The foxfire hits Ijyb but does no damage.
Ijyb zaps a wand.
The bolt of acid hits your foxfire!! The bolt of acid hits you!!
Ouch! That really hurt!
You die...

# ## # #.. ... # #.#
#.## ###### #.###..####
.....# #.........##
####.# #..#...# ..# #
#.# #.###.###..# #
#.####..#...#.v.####.
####....#...._.v@..>....
...#.......#...#..######
.......†..###.###g...
.....###...#...# ......
..##.# #...........$..#
####.# #....###.......#
#.. ..#### .......#
.<##### .......# ##


You could see Ijyb (ally target).

Vanquished Creatures
  Natasha (thrice) (D:2)
  Robin (D:2)
  5 adders (D:2)
  4 dart slugs
  4 orcs
  5 bats
  2 endoplasms
  5 giant cockroaches
  14 goblins
  8 hobgoblins
  3 jackals (D:2)
  2 kobolds (D:1)
  4 ball pythons
  3 frilled lizards
  3 rats
66 creatures vanquished.

Vanquished Creatures (collateral kills)
  2 foxfires (D:2)
2 creatures vanquished.

Vanquished Creatures (others)
  A hobgoblin (D:3)
  152 foxfires
  5 withered plants (D:2)
158 creatures vanquished.

Grand Total: 226 creatures vanquished

Notes
Turn   | Place    | Note
-------+----------+-------------------------------------------
     0 | D:1      | funkygono the Gargoyle Fire Elementalist began the quest
                  | for the Orb.
     0 | D:1      | Reached XP level 1. HP: 10/10 MP: 3/3
   184 | D:1      | Reached XP level 2. HP: 9/15 MP: 0/5
   250 | D:1      | Learned a level 2 spell: Scorch
   515 | D:1      | Reached XP level 3. HP: 18/19 MP: 0/6
   519 | D:1      | Learned a level 3 spell: Conjure Flame
   969 | D:2      | Found a faded altar of an unknown god.
  1192 | D:2      | Reached XP level 4. HP: 22/24 MP: 5/8
  1278 | D:2      | Noticed Robin
  1391 | D:2      | Killed Robin
  1663 | D:2      | Reached skill level 4 in Fire Magic
  1733 | D:2      | Noticed Natasha
  1737 | D:2      | Killed Natasha
  1738 | D:2      | Reached XP level 5. HP: 28/28 MP: 3/9
  2042 | D:2      | Noticed Natasha
  2049 | D:2      | Killed Natasha
  2247 | D:2      | Noticed Natasha
  2252 | D:2      | Killed Natasha
  2834 | D:3      | Found a radiant altar of Vehumet.
  2845 | D:3      | Became a worshipper of Vehumet
  2856 | D:3      | Learned a level 4 spell: Flame Wave
  2857 | D:3      | Noticed Ijyb
  2861 | D:3      | Killed from afar by Ijyb

Illustrated notes

Levels and vault maps discovered:
D:1:      minmay_arrival_open_corners, layout_rooms
D:2:      layout_loops_ring, ebering_ecumenical_altar_petrified, uniq_robin,
          uniq_natasha
D:3:      layout_loops_ring, vehumet_crystals, st_stairs_13, uniq_ijyb,
          uniq_crazy_yiuf_cottage

Skill      XL: |  1  2  3  4 |
---------------+-------------+-----
Conjurations   | 2 |  2.8
Spellcasting   | 3 |  3.5
Fire Magic     | 4 |  4.3
Fighting       | |  0.5
Maces & Flails | |  0.3
Dodging        | |  1.9
Stealth        | |  2.1

Action                   |  1- 3 |  4- 6 || total
-------------------------+-------+-------++-------
Melee: Unarmed           |     5 |       ||     5
       Mace              |    16 |    12 ||    28
 Cast: Foxfire           |    44 |    47 ||    91
       Scorch            |     3 |    18 ||    21
  Use: Scroll            |     4 |     2 ||     6
       Potion            |       |     1 ||     1
Armor: Robe              |     5 |    25 ||    30
Dodge: Dodged            |    17 |    53 ||    70

Table legend: (Time is in decaauts)
 A = Elapsed time spent in this place.
 B = Non-inter-level travel time spent in this place.
 C = Inter-level travel time spent in this place.
 D = Time resting spent in this place.
 E = Time spent auto-exploring this place.
 F = Levels seen in this place.
 G = Mean time per level.
                   A        B        C        D        E       F      G
               +--------+--------+--------+--------+--------+-----+--------+
         Total |   2877 |   2854 |     23 |    242 |   1733 |   3 |  959.0 |
       Dungeon |   2877 |   2854 |     23 |    242 |   1733 |   3 |  959.0 |
               +--------+--------+--------+--------+--------+-----+--------+

Top non-repeatable levels by time:
     D:2: 1900 daAuts
     D:1: 775 daAuts
     D:3: 201 daAuts
